AoeStats
← Patience

Arena

509170293Analyzed
1v1 RM · 5d ago on Sep 25, 2026· 20m 51s· 2 players
Game mode
Random Map
Map size
Tiny (2 player)
Population
200
Speed
Normal
Resources
Standard
Victory
Conquest
Starting age
Dark Age
Ending age
Imperial Age
RankedLock teamsTeams togetherTeam positionsShared explorationLock speedFull tech treeHidden civsTurbo modeCheats
Victory
Defeat
🇺🇸 Saxons · United States
785
+14
🇨🇳 Saxons · China
751
-14
GTX-5090
4:58 Loom
8:57 Feudal Age
9:47 Double-Bit Axe
9:44 Horse Collar
10:45 Wheelbarrow
13:42 Gold Mining
18:39 Castle Age
16:43 Stone Mining
17:35 Town Watch
18:26 Forging
19:59 Heavy Plow
20:13 Bow Saw
19:26 Light Cavalry
Patience
9:22 Feudal Age
9:41 Loom
9:50 Double-Bit Axe
17:51 Castle Age
17:13 Scale Mail Armor
Connection lost

Rejoining the realm…

Still unreachable

The connection could not be restored.

Session expired

The server has moved on; the page needs a fresh start.